 Dungeon Crawl Stone Soup version 0.28.0-43-g3370ac3207 (webtiles) character file.

Game seed: 5518549255556380118

3049 Peloso the Carver (level 9, -15/81 HPs)
             Began as a Minotaur Fighter on Mar 16, 2022.
             Was a Priest of Okawaru.
             Demolished by Gastronok (32 damage)
             ... on level 8 of the Dungeon.
             The game lasted 00:12:57 (7779 turns).

Peloso the Carver (Minotaur Fighter)                Turns: 7779, Time: 00:12:57

Health: -15/81     AC: 13    Str: 22    XL:     9   Next: 57%
Magic:  8/8        EV:  7    Int:  5    God:    Okawaru [***...]
Gold:   355        SH:  5    Dex: 13    Spells: 8/8 levels left

rFire   . . .      SeeInvis .   a - +4 scimitar
rCold   . . .      Faith    .   c - +0 buckler
rNeg    . . .      Spirit   .   g - +0 plate armour
rPois   .          Reflect  .   (helmet restricted)
rElec   .          Harm     .   (no cloak)
rCorr   .          Rampage  .   (no gloves)
Will    .....                   (no boots)
Stlth   ..........              (no amulet)
HPRegen 0.23/turn               (no ring)
MPRegen 0.11/turn               (no ring)

@: mighty
A: horns 2, retaliatory headbutt
a: Renounce Religion, Heroism


You were on level 8 of the Dungeon.
You worshipped Okawaru.
Okawaru was most pleased with you.
You visited 2 branches of the dungeon, and saw 9 of its levels.
You also visited: Sewer.

You collected 355 gold pieces.

Inventory:

Hand Weapons
 a - a +4 scimitar (weapon)
Armour
 b - a +0 scale mail
 c - a +0 buckler (worn)
 g - a +0 plate armour (worn)
Jewellery
 e - an amulet of faith
 t - a ring of wizardry
Wands
 h - a wand of digging (9)
 m - a wand of flame (9)
 w - a wand of paralysis (16)
 x - a wand of polymorph (6)
 z - a wand of iceblast (15)
 B - a wand of acid (13)
Scrolls
 j - 2 scrolls of noise
 l - 2 scrolls of teleportation
 r - 2 scrolls of identify
 v - 2 scrolls of fog
 y - a scroll of immolation {unknown}
 A - 2 scrolls of magic mapping {unknown}
Potions
 d - a potion of might
 f - 2 potions of curing {unknown}
 i - a potion of berserk rage {unknown}
 k - a potion of attraction {unknown}
 n - a potion of resistance {unknown}
 o - a potion of magic {unknown}
 p - a potion of invisibility {unknown}
 q - a potion of brilliance {unknown}
 s - 3 potions of mutation {unknown}
 u - 4 potions of heal wounds {unknown}


   Skills:
 + Level 8.2 Fighting
 + Level 11.2 Long Blades
 + Level 8.0 Armour
 + Level 2.3 Dodging
 + Level 1.3 Stealth
 + Level 5.4 Shields
 + Level 0.8 Unarmed Combat
 + Level 0.1 Invocations
 + Level 0.4 Evocations


You had 8 spell levels left.
You didn't know any spells.
Your spell library contained the following spells:

 Spells                   Type           Power      Damage    Failure   Level
 Sandblast                Erth           0%         2d4       100%        1
 Passwall                 Tmut/Erth      0%         N/A       100%        2
 Searing Ray              Conj           0%         2d4       100%        2
 Portal Projectile        Hex/Tloc       0%         N/A       100%        3
 Stone Arrow              Conj/Erth      0%         3d7       100%        3
 Blade Hands              Tmut           0%         N/A       100%        5
 Excruciating Wounds      Necr           0%         N/A       100%        5


Dungeon Overview and Level Annotations

Branches:
Dungeon (8/15)             Temple (1/1) D:5            Lair (0/6) D:8
  Sewer (visited)

Altars:
Cheibriados
Dithmenos
Gozag
Hepliaklqana
Kikubaaqudgha
Makhleb
Nemelex Xobeh
Okawaru
Qazlal
Ru
Sif Muna
Trog
Vehumet
Wu Jian
Xom
Yredelemnul
Zin

Shops:
D:1 ?   D:4 [

Annotations:
D:8 Gastronok


Innate Abilities, Weirdness & Mutations

You have a pair of horns on your head.
You reflexively headbutt those who attack you in melee.


Message History

The killer bee is lightly wounded.
The killer bee barely misses you. You furiously retaliate!
You headbutt the killer bee! You slash the killer bee!
You kill the killer bee!
Okawaru accepts your kill.
A sky beast comes into view.
The killer bee buzzes angrily.
You hit Gastronok. You headbutt Gastronok!
Gastronok is lightly wounded.
Gastronok waves his eye-stalks in wide circles.
The air twists around and strikes you!!
You slice Gastronok!!
Gastronok is lightly wounded.
You hear a shout!
You hit Gastronok. You headbutt Gastronok!
Gastronok is moderately wounded.
You hit Gastronok. You headbutt Gastronok!
Gastronok is heavily wounded.
Gastronok bites you!
You slash Gastronok! You headbutt Gastronok.
Gastronok is heavily wounded.
You hit Gastronok.
Gastronok is heavily wounded.
Gastronok bites you but does no damage.
You slash Gastronok!
Gastronok is heavily wounded.
The orc wizard casts a spell.
The orc wizard flickers and vanishes!
Deactivating autopickup; reactivate with Ctrl-A.
You slash Gastronok!
Gastronok is severely wounded.
Gastronok bites you!!
* * * LOW HITPOINT WARNING * * *
You feel very mighty all of a sudden.
You slash Gastronok! You headbutt Gastronok!
Gastronok is almost dead.
Gastronok sloshes about.
Gastronok bites you!!
You die...

.# .. .># # ..# #.
######..# ##.####
#.......#
#.....#####.......#
#...yhw@).........#
#....y#######..#..#
###..... ##..# ...
......... #<..# .
#...........##..#
....P..............#
.......>..w......###
#.............#..#
..##..#


You could see Gastronok (swift), a warg and 2 killer bees.

Vanquished Creatures
  A gargoyle (D:7)
  2 wargs (D:8)
  Duvessa (D:5)
  A water moccasin (D:3)
  Pargi (D:3)
  A black bear (D:6)
  3 ice beasts
  2 orc warriors
  An ogre (D:7)
  Blork the orc (D:5)
  A bullfrog (D:7)
  2 kobold brigands (D:6)
  2 scorpions
  2 wyvern zombies (D:7)
  Dowan (D:5)
  A killer bee (D:8)
  4 wights (D:6)
  A bullfrog zombie (D:5)
  2 orc priests
  4 hounds
  5 jellies
  2 bullfrog skeletons
  A centaur skeleton (D:7)
  An iguana (D:5)
  4 orc wizards
  A killer bee zombie (D:6)
  2 hound skeletons (D:4)
  A hound zombie (D:5)
  4 river rats (Sewer)
  5 adders
  A howler monkey skeleton (D:6)
  A shadow imp (D:6)
  An ufetubus (D:4)
  2 worms
  3 dart slugs
  17 orcs
  8 ball pythons
  3 bat zombies (D:4)
  9 endoplasms
  9 giant cockroaches
  7 goblins
  6 hobgoblins
  2 quokkas
  8 bats
  5 frilled lizards
  12 kobolds
  15 rats
169 creatures vanquished.

Notes
Turn   | Place    | Note
-------+----------+-------------------------------------------
     0 | D:1      | Peloso the Minotaur Fighter began the quest for the Orb.
     0 | D:1      | Reached XP level 1. HP: 19/19 MP: 0/0
   240 | D:1      | Reached XP level 2. HP: 26/27 MP: 1/1
   545 | D:1      | Found Atyum's Magic Scroll Shoppe.
   778 | D:1      | Reached XP level 3. HP: 33/33 MP: 2/2
   955 | D:2      | Found a burning altar of Makhleb.
  1358 | D:2      | Found a faded altar of an unknown god.
  1533 | D:2      | Reached skill level 3 in Long Blades
  1775 | D:3      | Noticed Pargi
  1788 | D:3      | Killed Pargi
  1789 | D:3      | Reached skill level 4 in Long Blades
  1789 | D:3      | Reached XP level 4. HP: 18/40 MP: 3/3
  1789 | D:3      | Reached XP level 5. HP: 21/46 MP: 4/4
  2009 | D:3      | Noticed a water moccasin
  2019 | D:3      | Killed a water moccasin
  2020 | D:3      | Reached skill level 5 in Long Blades
  2020 | D:3      | Reached skill level 5 in Armour
  2020 | D:3      | Reached skill level 1 in Dodging
  2097 | D:3      | Reached XP level 6. HP: 53/53 MP: 5/5
  2100 | D:3      | Found a glowing drain.
  2114 | Sewer    | Entered a sewer
  2463 | Sewer    | Reached skill level 6 in Long Blades
  2463 | Sewer    | Found a viscous altar of Jiyva.
  3283 | D:4      | Found a shimmering blue altar of Sif Muna.
  3290 | D:4      | Noticed an orc warrior
  3487 | D:4      | Killed an orc warrior
  3488 | D:4      | Reached skill level 7 in Long Blades
  3488 | D:4      | Reached XP level 7. HP: 50/60 MP: 6/6
  3542 | D:4      | Got Sif Muna's Tome of Attacks
  3547 | D:4      | Found a bloodstained altar of Trog.
  3601 | D:4      | Found Wisilyp's Armour Shop.
  3900 | D:4      | Found an ancient bone altar of Kikubaaqudgha.
  4409 | D:5      | Entered Level 5 of the Dungeon
  4516 | D:5      | Found a staircase to the Ecumenical Temple.
  4531 | Temple   | Entered the Ecumenical Temple
  4600 | Temple   | Became a worshipper of Warmaster Okawaru
  4779 | D:5      | Noticed Blork the orc
  4787 | D:5      | Killed Blork the orc
  4970 | D:5      | Reached skill level 8 in Long Blades
  5062 | D:5      | Noticed Duvessa
  5063 | D:5      | Noticed Dowan
  5344 | D:5      | Killed Duvessa
  5344 | D:5      | Reached * piety under Okawaru
  5345 | D:5      | Reached skill level 5 in Fighting
  5345 | D:5      | Reached XP level 8. HP: 30/68 MP: 7/7
  5349 | D:5      | Killed Dowan
  5781 | D:6      | Found an opulent altar of Gozag.
  6049 | D:6      | Reached skill level 9 in Long Blades
  6137 | D:6      | Found a snail-covered altar of Cheibriados.
  6143 | D:6      | Noticed a torpor snail
  6193 | D:6      | Reached skill level 5 in Shields
  6717 | D:6      | Reached skill level 1 in Stealth
  7051 | D:7      | Reached ** piety under Okawaru
  7052 | D:7      | Reached skill level 10 in Long Blades
  7138 | D:7      | Reached XP level 9. HP: 78/78 MP: 8/8
  7144 | D:7      | Noticed a gargoyle
  7168 | D:7      | Killed a gargoyle
  7651 | D:7      | Found a radiant altar of Vehumet.
  7727 | D:8      | Found a staircase to the Lair.
  7735 | D:8      | Reached *** piety under Okawaru
  7736 | D:8      | Reached skill level 11 in Long Blades
  7754 | D:8      | Noticed Gastronok
  7779 | D:8      | Demolished by Gastronok

Illustrated notes

Levels and vault maps discovered:
D:1:      heliophobic_arrival_henge, layout_rooms, serial_shops, shop,
          nrook_uturn, hex_intersection
D:2:      layout_loops_cross, dilly_ecumenical_altar_fadedgnrine, basic_altar,
          ebering_dispersal_statue_hall, minmay_misc_feat_roman
D:3:      layout_basic, cheibrodos_sewer_entry_drain, uniq_pargi
D:4:      layout_basic, nzn_overflow_gifts_of_might_and_magic,
          lemuel_zombie_altar_kikubaaqudgha, serial_shops, kennysheep_mini
D:5:      layout_basic, temple_statues, uniq_blork_the_orc, uniq_duvessa
D:6:      layout_basic, cheibriados_altar_2, mainiacjoe_overflow_tiny_flanked,
          grunt_decor_fettered
D:7:      layout_basic, lemuel_doored_altar
D:8:      layout_rooms, mainiacjoe_overflow_surrounded_room,
          erik_lair_orcish_takeover, hellmonk_guarded_unrand_gyre_and_gimble,
          uniq_gastronok
Temple:   jpeg_temple_clearing

Skill      XL: |  1  2  3  4  5  6  7  8  9 |
---------------+----------------------------+-----
Armour         | 4 5 6 7 8 |  8.0
Fighting       | 4 5 6 8 |  8.2
Shields        | 4 5 |  5.4
Long Blades    | 4 5 7 8 10 11 | 11.2
Dodging        | 1 2 |  2.3
Stealth        | 1 |  1.3
Unarmed Combat | |  0.8
Invocations    | |  0.1
Evocations     | |  0.4

Action                   |  1- 3 |  4- 6 |  7- 9 || total
-------------------------+-------+-------+-------++-------
Melee: Long sword        |    95 |   134 |   210 ||   439
       Headbutt          |     6 |    23 |    60 ||    89
       Unarmed           |       |       |     4 ||     4
       Scimitar          |       |       |    84 ||    84
Invok: Heroism           |       |       |     1 ||     1
Evoke: Wand              |       |     2 |     2 ||     4
  Use: Scroll            |       |     3 |     4 ||     7
       Potion            |       |     1 |     1 ||     2
 Stab: Confused          |       |       |     1 ||     1
Armor: Scale mail        |    61 |       |       ||    61
       Plate armour      |    49 |    84 |   131 ||   264
       Skin              |       |       |     1 ||     1
Dodge: Dodged            |    46 |    33 |    79 ||   158
Block: Buckler           |    35 |    37 |    58 ||   130
